 Dungeon Crawl Stone Soup version 0.28-a0-983-g1de4e0787c (webtiles) character file.

Game seed: 4354533714059693162

389 ytrimaz the Chopper (level 7, -1/49 HPs)
             Began as a Formicid Fighter on Dec 2, 2021.
             Slain by a goblin (2 damage)
             ... on level 4 of the Dungeon.
             The game lasted 00:02:27 (2581 turns).

ytrimaz the Chopper (Formicid Fighter)              Turns: 2581, Time: 00:02:27

Health: -1/49      AC: 12    Str: 25    XL:     7   Next: 7%
Magic:  7/7        EV: 10    Int:  7    God:
Gold:   32         SH:  4    Dex: 10    Spells: 6/6 levels left

rFire   . . .      SeeInvis +   a - +0 war axe
rCold   . . .      Faith    .   c - +0 buckler
rNeg    . . .      Spirit   .   b - +0 scale mail
rPois   .          Reflect  .   (helmet unavailable)
rElec   .          Harm     .   h - scarf {repulsion}
rCorr   .          Rampage  .   (no gloves)
Will    .....                   e - +0 pair of boots
Stlth   ..........              g - amulet of the acrobat
HPRegen 0.16/turn               i - +4 ring of protection
MPRegen 0.10/turn               (no ring)

@: mighty, lethally poisoned (-1 -> -2), repel missiles
A: permanent stasis, dig shafts and tunnels, antennae 3, four strong arms,
deterioration 1, frail 1, strong 1, noise suppression
a: Dig, Shaft Self


You were on level 4 of the Dungeon.
You visited 1 branch of the dungeon, and saw 4 of its levels.

You collected 128 gold pieces.
You spent 96 gold pieces at shops.

Inventory:

Hand Weapons
 a - a +0 war axe (weapon)
Missiles
 k - 2 throwing nets
Armour
 b - a +0 scale mail (worn)
 c - a +0 buckler (worn)
 e - a +0 pair of boots (worn)
 h - a scarf of repulsion (worn)
Jewellery
 g - an amulet of the acrobat (around neck)
 i - a +4 ring of protection (left hand)
Scrolls
 f - 2 scrolls of vulnerability
 j - a scroll of magic mapping
 m - 3 scrolls of identify
 n - a scroll of teleportation {unknown}
Potions
 l - a potion of brilliance


   Skills:
 + Level 4.4 Fighting
 + Level 5.1 Axes
 + Level 4.7 Armour
 + Level 4.6 Shields


You had 6 spell levels left.
You didn't know any spells.
Your spell library contained the following spells:

 Spells                   Type           Power      Damage    Failure   Level
 Animate Skeleton         Necr           0%         N/A       71%         1
 Pain                     Necr           0%         1d4       71%         1
 Sandblast                Erth           0%         2d4       71%         1
 Passwall                 Tmut/Erth      0%         N/A       85%         2
 Ignite Poison            Fire/Tmut/Pois 0%         N/A       97%         3
 Mephitic Cloud           Conj/Pois/Air  0%         N/A       97%         3
 Stone Arrow              Conj/Erth      0%         3d7       97%         3
 Vampiric Draining        Necr           0%         2d6       97%         3
 Freezing Cloud           Conj/Ice/Air   0%         6-21      100%        5


Dungeon Overview and Level Annotations

Branches:
Dungeon (4/15)
 Temple: D:4-7

Altars:

Shops:
D:1 ?   D:4 *


Innate Abilities, Weirdness & Mutations

You cannot be hasted, slowed, berserked, paralysed or teleported.
You can dig through walls and to a lower floor.
You have a pair of large antennae on your head. (SInv)
Your four strong arms can wield two-handed weapons with a shield.
Your body sometimes deteriorates upon taking damage.
You are frail. (-10% HP)
Your muscles are strong. (Str +2)
You passively dampen the noise of your surroundings.


Message History

Unknown command.
You hit the orc priest.
The orc priest is severely wounded.
You closely miss the goblin. You miss the adder. You hit the hound.
You kill the hound!
You block the orc priest's attack. The adder closely misses you.
The goblin hits you but does no damage.
The orc priest hits you but does no damage.
Your Axes skill increases to level 5!
Unknown command.
You slice the orc priest!!
You kill the orc priest!
You barely miss the goblin.
Your scale mail prevents you from hitting the adder.
You block the adder's attack. You block the goblin's attack.
The adder bites you.
* * * LOW HITPOINT WARNING * * *
You are lethally poisoned!
The adder poisons you!
You have reached level 7!
You slice the adder!!
You kill the adder!
You miss the goblin.
* * * LOW HITPOINT WARNING * * *
You feel sick. The goblin closely misses you.
The goblin hits you but does no damage.
Unknown command.
Really quaff the potion of mutation?
You feel extremely strange.
You feel yourself wasting away.
You feel frail.
You feel your surroundings grow quieter.
You feel stronger.
* * * LOW HITPOINT WARNING * * *
You feel sick. The goblin hits you but does no damage.
Unknown command.
Unknown command.
You miss the goblin.
* * * LOW HITPOINT WARNING * * *
You feel sick. The goblin hits you with a +0 dagger.
You die...

..>.......##
...........##
............##
.............##
..............#
..............#
...............
......).)..>...
......)@.......
......)g†......
......≈........
....≈.≈........
.....≈≈........
.....≈≈........
....≈.........$
(...≈..........


You could see a goblin.

Vanquished Creatures
  A sky beast (D:4)
  An ogre (D:4)
  A hound (D:4)
  An orc priest (D:4)
  2 orc wizards
  4 adders
  An adder skeleton (D:4)
  A worm (D:2)
  7 orcs
  9 endoplasms
  3 giant cockroaches (D:3)
  3 goblins
  3 hobgoblins
  2 jackals (D:4)
  4 quokkas
  A ball python (D:3)
  2 bats
  2 frilled lizards
  5 kobolds
  5 rats
58 creatures vanquished.

Vanquished Creatures (others)
  4 plants (D:2)
4 creatures vanquished.

Grand Total: 62 creatures vanquished

Notes
Turn   | Place    | Note
-------+----------+-------------------------------------------
     0 | D:1      | ytrimaz the Formicid Fighter began the quest for the Orb.
     0 | D:1      | Reached XP level 1. HP: 18/18 MP: 1/1
    35 | D:1      | Found Xosofae's Magic Scroll Emporium.
   270 | D:1      | Reached XP level 2. HP: 24/24 MP: 2/2
   733 | D:2      | Reached XP level 3. HP: 27/29 MP: 3/3
  1410 | D:3      | Reached skill level 3 in Axes
  1410 | D:3      | Reached XP level 4. HP: 34/37 MP: 4/4
  1851 | D:3      | Found a faded altar of an unknown god.
  2201 | D:3      | Reached XP level 5. HP: 42/42 MP: 5/5
  2529 | D:4      | Noticed an ogre
  2529 | D:4      | Found Yhutikh's General Store.
  2537 | D:4      | Killed an ogre
  2538 | D:4      | Reached skill level 4 in Axes
  2538 | D:4      | Reached XP level 6. HP: 39/48 MP: 6/6
  2544 | D:4      | Bought a potion of mutation for 96 gold pieces
  2551 | D:4      | Noticed a sky beast
  2558 | D:4      | Killed a sky beast
  2578 | D:4      | Reached skill level 5 in Axes
  2579 | D:4      | Reached XP level 7. HP: 4/55 MP: 7/7
  2579 | D:4      | HP: 2/55 [poisoned by an adder]
  2580 | D:4      | Gained mutation: Your body sometimes deteriorates upon
                  | taking damage. [potion of mutation]
  2580 | D:4      | Gained mutation: You are frail. (-10% HP) [potion of
                  | mutation]
  2580 | D:4      | Gained mutation: You passively dampen the noise of your
                  | surroundings. [potion of mutation]
  2580 | D:4      | Gained mutation: Your muscles are strong. (Str +2) [potion
                  | of mutation]
  2581 | D:4      | Slain by a goblin

Illustrated notes

Levels and vault maps discovered:
D:1:      evilmike_arrival_plus, layout_rooms, serial_shops, shop
D:2:      layout_loops_ring, serial_bayou, serial_bayou_lagoon_a,
          serial_bayou_ford_a, serial_bayou_lake_a, serial_bayou_crossing
D:3:      layout_loops_corners, hellmonk_ecumenical_altar_slurped_away,
          mrwooster_statue_mirror, amethyst_killhole, kennysheep_small_spiral
D:4:      layout_layer_cave, nicolae_tso_besieged_by_evil, serial_rivers,
          chequers_serial_rivers_small_b, chequers_serial_rivers_micro_c,
          chequers_serial_rivers_room_b, chequers_serial_rivers_micro_a,
          chequers_serial_rivers_small_3, chequers_serial_rivers_room_a,
          serial_shops, nicolae_square_shop, kennysheep_mini, shop, shop,
          nicolae_shop_temple_entry_statues_fountains,
          amcnicky_altar_lugonu_corruption, uniq_natasha

Skill      XL: |  1  2  3  4  5  6 |
---------------+-------------------+-----
Shields        | 4 |  4.6
Axes           | 3 4 5 |  5.1
Fighting       | 4 |  4.4
Armour         | 4 |  4.7

Action                   |  1- 3 |  4- 6 |  7- 9 || total
-------------------------+-------+-------+-------++-------
Melee: War axe           |    97 |    58 |     2 ||   157
 Abil: Dig               |       |     2 |       ||     2
  Use: Scroll            |     5 |       |       ||     5
       Potion            |     1 |     1 |     1 ||     3
Armor: Scale mail        |    46 |    37 |     2 ||    85
Dodge: Dodged            |    47 |    30 |     1 ||    78
Block: Buckler           |    19 |    13 |       ||    32

Table legend: (Time is in decaauts)
 A = Elapsed time spent in this place.
 B = Non-inter-level travel time spent in this place.
 C = Inter-level travel time spent in this place.
 D = Time resting spent in this place.
 E = Time spent auto-exploring this place.
 F = Levels seen in this place.
 G = Mean time per level.
                   A        B        C        D        E       F      G
               +--------+--------+--------+--------+--------+-----+--------+
         Total |   2692 |   2559 |    133 |      0 |   2079 |   4 |  673.0 |
       Dungeon |   2692 |   2559 |    133 |      0 |   2079 |   4 |  673.0 |
               +--------+--------+--------+--------+--------+-----+--------+

Top non-repeatable levels by time:
     D:3: 1262 daAuts
     D:2: 788 daAuts
     D:1: 584 daAuts
     D:4: 57 daAuts
